 Dungeon Crawl Stone Soup version 0.26-a0-546-g3c2127501a (webtiles) character file.

Game seed: 18181352288155259453

687 ANON1729 the Caller (level 7, -4/50 HPs)
             Began as a Demigod Summoner on Aug 19, 2020.
             Slain by an ice beast (11 damage)
             ... on level 5 of the Dungeon.
             The game lasted 00:11:44 (6144 turns).

ANON1729 the Caller (Demigod Summoner)              Turns: 6144, Time: 00:11:44

Health: -4/50      AC:  2    Str: 11    XL:     7   Next: 13%
Magic:  0/24       EV: 14    Int: 23    God:
Gold:   198        SH:  0    Dex: 16    Spells: 7/13 levels left

rFire    . . .     SeeInvis .   v - +0 spear
rCold    . . .     Faith    .   (no shield)
rNeg     . . .     Spirit   +   a - +0 robe
rPois    .         Reflect  .   (no helmet)
rElec    .         Harm     .   (no cloak)
rCorr    .                      (no gloves)
MR       .....                  (no boots)
Stlth    +.........             g - amulet of guardian spirit
HPRegen  0.16/turn              s - ring of magical power
MPRegen  0.19/turn              l - ring of attention (curse)

@: no status effects
A: high mp 1
a: no special abilities


You were on level 5 of the Dungeon.
You visited 1 branch of the dungeon, and saw 5 of its levels.
You also visited: Ossuary.

You collected 198 gold pieces.

Inventory:

Hand Weapons
 d - a +0 scimitar
 i - a +1 whip of venom
 k - a +2 long sword of holy wrath
 v - a +0 spear (weapon)
Armour
 a - a +0 robe (worn)
Jewellery
 g - an amulet of guardian spirit (around neck)
 h - an uncursed ring of protection from fire
 l - a cursed ring of attention (right hand)
 q - an uncursed ring of poison resistance
 s - a ring of magical power (left hand)
Wands
 e - a wand of flame (14)
Scrolls
 b - 3 scrolls of fear
 c - 2 scrolls of remove curse
 f - a scroll of blinking
 j - 3 scrolls of immolation
 y - a scroll of amnesia {unknown}
 z - a scroll of enchant weapon {unknown}
 C - a scroll of holy word {unknown}
 D - 2 scrolls of teleportation {unknown}
Potions
 m - a potion of curing {unknown}
 n - 2 potions of heal wounds
 o - 2 potions of cancellation
 p - a potion of might {unknown}
 r - 3 potions of magic
 t - 2 potions of lignification {unknown}
 u - 2 potions of haste {unknown}
 w - a potion of brilliance {unknown}
 x - 2 potions of degeneration {unknown}
 A - 3 potions of mutation {unknown}
 E - a potion of stabbing {unknown}


   Skills:
 + Level 1.3 Polearms
 + Level 3.8 Dodging
 - Level 3.0 Stealth
 + Level 3.6 Spellcasting
 * Level 5.9 Summonings


You had 7 spell levels left.
You knew the following spells:

 Your Spells              Type           Power        Failure   Level
a - Summon Small Mammal   Summ           ####         1%          1
b - Call Imp              Summ           ####....     1%          2
c - Call Canine Familiar  Summ           ####....     3%          3

Your spell library contained the following spells:

 Spells                   Type           Power        Failure   Level
 Summon Guardian Golem    Hex/Summ       ###.....     10%         3
 Summon Ice Beast         Ice/Summ       ###.....     32%         4
 Summon Lightning Spire   Summ/Air       ###.....     32%         4


Dungeon Overview and Level Annotations

Branches:
Dungeon (5/15)            Ossuary (visited)
 Temple: D:4-7

Annotations:
D:3 1 runed translucent door, P0WERM0DE's ghost, amateur OpDe


Innate Abilities, Weirdness & Mutations

You have an increased reservoir of magic. (+10% MP)


Message History

Aim: an ice beast (severely wounded)
You hit the ice beast.
The ice beast is almost dead.
The ice beast misses you.
Your crimson imp hits the ice beast but does no damage.
Your crimson imp blinks!
Attack whom?
Press: ? - help, Dir - move target cursor, f/p - ice beast
Aim: an ice beast (almost dead)
You closely miss the ice beast.
The ice beast is almost dead.
The ice beast hits you. The ice beast freezes you!
* * * LOW HITPOINT WARNING * * *
Your crimson imp barely misses the ice beast.
Casting: Call Imp (safe; 1% risk of failure)
Confirm with . or Enter, or press ? or * to list all spells.
The ice beast hits you.
* * * LOW HITPOINT WARNING * * *
The ice beast freezes you!
You die...

##....# #....##
#.....# #.....# *****
##....## ########.,,*
#.....# ##.......,***
#.....###......##**
#...............#
#........@......##
##....##5Y.......#
*#....#..h.......##
*#...#........†....#
*#..###.............#*
***..#*
##.............#
****,,.#*
#...5........(#
,,,,,,,**
#.............#*
*****,,,**
#..............*


You could see an ice beast, a friendly hound (summoned) and 2 friendly crimson
imps.

Vanquished Creatures
  A centaur (D:5)
  A howler monkey (D:5)
  2 mummies (Ossuary)
  3 gnolls
  7 adders
  An ufetubus (D:5)
  A worm (D:2)
  A dart slug (D:2)
  4 leopard geckos
  3 orcs
  3 bats
  5 giant cockroaches
  2 gnoll zombies (Ossuary)
  9 goblins
  5 hobgoblins
  2 jackals (D:4)
  A quokka (D:2)
  3 frilled lizards
  A gnoll skeleton (Ossuary)
  A goblin skeleton (Ossuary)
  2 hobgoblin skeletons (Ossuary)
  2 hobgoblin zombies (Ossuary)
  6 kobolds
  3 kobold skeletons (Ossuary)
  A leopard gecko zombie (D:5)
  2 orc skeletons (Ossuary)
  2 orc zombies (Ossuary)
  A quokka skeleton (D:4)
  9 rats
  3 rat skeletons (Ossuary)
  2 rat zombies (Ossuary)
89 creatures vanquished.

Vanquished Creatures (collateral kills)
  Grinder (D:4)
  Menkaure (Ossuary)
  A phantom (D:4)
  A howler monkey (D:4)
  A hound (D:5)
  An iguana (D:4)
  2 worker ants
  A mummy (Ossuary)
  2 adders
  An adder skeleton (D:4)
  An orc (D:4)
  3 gnoll zombies (Ossuary)
  A hobgoblin (D:2)
  3 jackals (D:5)
  3 kobolds (D:1)
  A quokka (D:5)
  3 bats (D:1)
  A frilled lizard (D:4)
  2 gnoll skeletons (Ossuary)
  3 goblin skeletons (Ossuary)
  6 goblin zombies (Ossuary)
  3 hobgoblin skeletons (Ossuary)
  4 hobgoblin zombies (Ossuary)
  A jackal skeleton (D:5)
  2 jackal zombies (D:4)
  2 kobold skeletons (Ossuary)
  2 kobold zombies (Ossuary)
  A leopard gecko skeleton (D:5)
  An orc skeleton (Ossuary)
  2 orc zombies (Ossuary)
  A quokka skeleton (D:5)
  2 rat skeletons (Ossuary)
60 creatures vanquished.

Grand Total: 149 creatures vanquished

Notes
Turn   | Place    | Note
-------+----------+-------------------------------------------
     0 | D:1      | ANON1729 the Demigod Summoner began the quest for the Orb.
     0 | D:1      | Reached XP level 1. HP: 14/14 MP: 5/5
  1164 | D:1      | Reached XP level 2. HP: 17/20 MP: 7/7
  1658 | D:2      | Reached XP level 3. HP: 16/26 MP: 0/8
  2179 | D:2      | Found a faded altar of an unknown god.
  2188 | D:2      | Reached skill level 4 in Summonings
  2510 | D:2      | Found a hazy altar of Hepliaklqana.
  3021 | D:2      | Reached XP level 4. HP: 13/33 MP: 5/10
  3344 | D:2      | Found a shattered altar of Ashenzari.
  3978 | D:3      | Found a runed translucent door.
  3978 | D:3      | Noticed P0WERM0DE's ghost (amateur OpDe)
  4400 | D:4      | Noticed Grinder
  4409 | D:3      | Learned a level 2 spell: Call Imp
  4413 | D:3      | Learned a level 3 spell: Call Canine Familiar
  4425 | D:4      | Reached XP level 5. HP: 24/38 MP: 7/11
  4427 | D:4      | Killed Grinder
  4702 | D:4      | Found a shadowy altar of Dithmenos.
  4723 | D:4      | Noticed a phantom
  4731 | D:4      | Reached skill level 5 in Summonings
  4752 | D:4      | Reached XP level 6. HP: 18/45 MP: 4/13
  4890 | D:4      | You fall into a shaft and drop 1 floor!
  4890 | D:5      | Entered Level 5 of the Dungeon
  4995 | D:5      | Found a sand-covered staircase.
  5093 | Ossuary  | Entered an ossuary
  5490 | Ossuary  | Noticed Menkaure
  5507 | Ossuary  | Killed Menkaure
  5507 | Ossuary  | Reached skill level 1 in Polearms
  5547 | Ossuary  | Reached XP level 7. HP: 45/50 MP: 15/15
  6144 | D:5      | Slain by an ice beast

Illustrated notes

Levels and vault maps discovered:
D:1:      dpeg_arrival_stonehenge_8_columns, layout_basic, interstate_on_off,
          dk_noncrumbling_2
D:2:      layout_loops_corners, ashenzari_altar_1,
          nicolae_overflow_crystal_walls, chequers_ecumenical_altar_island
D:3:      layout_loops_ring, ebering_ghost_reflecting_pool
D:4:      layout_rooms, grunt_dithmenos_smoke, serial_undead, serial_undead_e,
          serial_undead_b, serial_undead_e, serial_undead_c, kennysheep_path_1,
          minmay_fractal_squares_diagonal_5, uniq_grinder
D:5:      layout_cave_pods, nicolae_ossuary_entry_ruins

Skill      XL: |  1  2  3  4  5  6 |
---------------+-------------------+-----
Stealth        | 2 3 |  3.0
Dodging        | 2 3 |  3.8
Spellcasting   | 2 3 |  3.6
Summonings     | 4 5 |  5.9
Polearms       | 1 |  1.3

Action                   |  1- 3 |  4- 6 |  7- 9 || total
-------------------------+-------+-------+-------++-------
Melee: Unarmed           |    18 |       |       ||    18
       Short sword       |   123 |       |       ||   123
       Scimitar          |    25 |    82 |       ||   107
       Spear             |       |   144 |    53 ||   197
 Cast: Summon Small Mamm |    18 |     8 |       ||    26
       Call Imp          |       |    21 |     6 ||    27
       Call Canine Famil |       |     9 |     2 ||    11
Evoke: Wand              |       |     3 |       ||     3
  Use: Potion            |     1 |       |       ||     1
       Scroll            |     4 |     4 |     1 ||     9
 Stab: Sleeping          |     8 |     1 |       ||     9
       Distracted        |       |     1 |     1 ||     2
Armor: Robe              |    42 |    20 |     4 ||    66
Dodge: Dodged            |   170 |   115 |    28 ||   313
       Rpst.: Scimitar   |     5 |    21 |       ||    26

Table legend: (Time is in decaauts)
 A = Elapsed time spent in this place.
 B = Non-inter-level travel time spent in this place.
 C = Inter-level travel time spent in this place.
 D = Time resting spent in this place.
 E = Time spent auto-exploring this place.
 F = Levels seen in this place.
 G = Mean time per level.
                   A        B        C        D        E       F      G
               +--------+--------+--------+--------+--------+-----+--------+
         Total |   6218 |   6088 |    130 |   2922 |   1785 |   6 | 1036.3 |
       Dungeon |   5459 |   5329 |    130 |   2620 |   1655 |   5 | 1091.8 |
       Ossuary |    758 |    758 |      0 |    302 |    130 |   1 |  758.0 |
               +--------+--------+--------+--------+--------+-----+--------+

Top non-repeatable levels by time:
     D:2: 2268 daAuts
     D:1: 1620 daAuts
 Ossuary: 758 daAuts
     D:3: 575 daAuts
     D:5: 509 daAuts
     D:4: 485 daAuts
